 Dungeon Crawl Stone Soup version 0.22.0-75-g3901e7991e (webtiles) character file.

241 Revguard the Slasher (level 5, -2/39 HPs)
             Began as a Demonspawn Skald on Sept 15, 2018.
             Was a Follower of Okawaru.
             Killed from afar by Dowan (6 damage)
             ... with a puff of flame
             ... on level 4 of the Dungeon.
             The game lasted 00:13:03 (3131 turns).

Revguard the Slasher (Demonspawn Skald)             Turns: 3131, Time: 00:13:15

Health: -2/39      AC:  7    Str: 13    XL:     5   Next: 80%
Magic:  2/8        EV: 12    Int: 14    God:    Okawaru [*.....]
Gold:   194        SH:  0    Dex: 12    Spells: 3/9 levels left

rFire    . . .     SeeInvis .   a - +0 falchion
rCold    . . .     Gourm    .   (no shield)
rNeg     . . .     Faith    .   h - +0 troll leather armour
rPois    .         Spirit   .   (no helmet)
rElec    .         Reflect  .   (no cloak)
rCorr    .         Harm     .   (no gloves)
MR       .....                  (no boots)
Stlth    +.........             (no amulet)
HPRegen  0.53/turn              (no ring)
MPRegen  0.11/turn              (no ring)

@: infused (expiring), very slightly contaminated, hasted, very quick
A: hooves 1, slimy green scales 2, blink, deterioration 1, sense surroundings 1
a: Blink, Heroism, Renounce Religion


You were on level 4 of the Dungeon.
You worshipped Okawaru.
Okawaru was aware of your devotion.
You were not hungry.

You visited 1 branch of the dungeon, and saw 4 of its levels.

You collected 194 gold pieces.

Inventory:

Hand Weapons
 a - a +0 falchion (weapon)
Armour
 b - a +0 leather armour
 h - a +0 troll leather armour (worn)
Wands
 j - a wand of flame (9)
Scrolls
 e - 3 scrolls of remove curse {unknown}
 f - 3 scrolls of identify {unknown}
 i - a scroll of immolation {unknown}
 l - a scroll of teleportation {unknown}
 n - a scroll of enchant armour {unknown}
 o - a scroll of noise {unknown}
 p - 2 scrolls of enchant weapon {unknown}
Potions
 c - a potion of magic {unknown}
 g - a potion of invisibility {unknown}
 k - a potion of haste
 m - a potion of flight {unknown}
 q - a potion of mutation
Comestibles
 d - 8 rations


   Skills:
 + Level 2.7 Fighting
 + Level 3.4 Long Blades
 * Level 2.7 Armour
 + Level 2.4 Dodging
 + Level 2.5 Spellcasting
 + Level 3.1 Charms


You had 3 spell levels left.
You knew the following spells:

 Your Spells              Type           Power        Failure   Level  Hunger
a - Infusion              Chrm           ##..         8%          1    #......
b - Song of Slaying       Chrm           ##......     12%         2    ###....
c - Spectral Weapon       Hex/Chrm       #.......     41%         3    ###....

Your spell library contained the following spells:

 Spells                   Type           Power        Failure   Level  Hunger
 Shroud of Golubria       Chrm/Tloc      #.........   22%         2    ###....
 Regeneration             Chrm/Necr      #.........   41%         3    ###....


Dungeon Overview and Level Annotations

Branches:
Dungeon (4/15)             Temple (0/1) D:4

Altars:
Nemelex Xobeh
Okawaru

Annotations:
D:4 Dowan, Duvessa


Innate Abilities, Weirdness & Mutations

You have large cloven feet.
You are mostly covered in slimy green scales. (AC +3)
You can translocate small distances at will.
Your body sometimes deteriorates upon taking damage.
You passively map a small area around you.


Message History

* * * LOW HITPOINT WARNING * * *
Duvessa hits you but does no damage.
It was a potion of haste.
You feel yourself speed up.
Your magical infusion is running out.
Dowan says, "Stay away from my face!"
Dowan hits you but does no damage. Duvessa closely misses you.
You hit Duvessa.
Duvessa is severely wounded.
You hit Duvessa.
Duvessa is severely wounded.
Duvessa hits you with a short sword!
* * * LOW HITPOINT WARNING * * *
Dowan closely misses you.
It was a potion of mutation.
You feel extremely strange.
You feel jittery.
You feel yourself wasting away.
You feel a strange attunement to the structure of the dungeons.
Duvessa hits you but does no damage. Dowan gestures at you while chanting.
The puff of flame hits you!
You die...

* ###†....###. *
#.....<... * (.
#<....#### *
#..###....# * ,
,**#.....#..####
* #####.#......,
#....####
#.#..### ,, ,
**#@e....# , *
##e#.#... * , ,*
.....##** * *
,.....# * > ,,
..#..# , , , *
*..#..# , *
.##,.# , ## # *,


You could see Duvessa and Dowan.

Vanquished Creatures
  An orc wizard (D:3)
  A worker ant (D:4)
  7 adders
  An ooze (D:3)
  5 worms
  3 dart slugs
  3 leopard geckos
  8 orcs (D:3)
  7 bats
  2 giant cockroaches
  7 hobgoblins
  9 jackals
  2 ball pythons
  10 frilled lizards
  10 goblins
  14 kobolds
  7 rats
97 creatures vanquished.

Notes
Turn   | Place    | Note
-------+----------+-------------------------------------------
     0 | D:1      | Revguard the Demonspawn Skald began the quest for the Orb.
     0 | D:1      | Reached XP level 1. HP: 16/16 MP: 3/3
   364 | D:1      | Reached skill level 1 in Armour
   709 | D:1      | Gained mutation: You are partially covered in slimy green
                  | scales. (AC +2) [demonic ancestry]
   709 | D:1      | Reached XP level 2. HP: 17/22 MP: 5/5
   777 | D:1      | Learned a level 2 spell: Song of Slaying
  1121 | D:1      | Gained mutation: You have large cloven feet. [demonic
                  | ancestry]
  1121 | D:1      | Reached XP level 3. HP: 19/27 MP: 6/6
  1547 | D:2      | Found an iron altar of Okawaru.
  1567 | D:2      | Became a worshipper of Warmaster Okawaru
  1694 | D:2      | Gained mutation: You are mostly covered in slimy green
                  | scales. (AC +3) [demonic ancestry]
  1694 | D:2      | Reached XP level 4. HP: 17/34 MP: 5/7
  1960 | D:2      | Learned a level 3 spell: Spectral Weapon
  2004 | D:2      | Found a sparkling altar of Nemelex Xobeh.
  2333 | D:3      | Reached XP level 5. HP: 32/39 MP: 1/8
  2751 | D:3      | Reached * piety under Okawaru
  3032 | D:4      | Found a staircase to the Ecumenical Temple.
  3114 | D:4      | Noticed Dowan
  3114 | D:4      | Noticed Duvessa
  3131 | D:4      | Gained mutation: You can translocate small distances at
                  | will. [potion of mutation]
  3131 | D:4      | Gained mutation: Your body sometimes deteriorates upon
                  | taking damage. [potion of mutation]
  3131 | D:4      | Gained mutation: You passively map a small area around you.
                  | [potion of mutation]
  3131 | D:4      | Killed from afar by Dowan

Skill      XL: |  1  2  3  4  5 |
---------------+----------------+-----
Armour         | 1 2 |  2.7
Charms         | 3 |  3.1
Long Blades    | 2 3 |  3.4
Dodging        | 2 |  2.4
Fighting       | |  2.7
Spellcasting   | |  2.5

Action                   |  1- 3 |  4- 6 || total
-------------------------+-------+-------++-------
Melee: Falchion          |   128 |   168 ||   296
       Kick              |    10 |    38 ||    48
 Cast: Infusion          |     6 |     6 ||    12
       Song of Slaying   |       |     2 ||     2
  Use: Potion            |       |     2 ||     2
  Eat: Ration            |     1 |     1 ||     2
       Chunk             |       |     2 ||     2
Armor: Leather armour    |    35 |       ||    35
       Troll leather arm |    18 |    70 ||    88
Dodge: Dodged            |   100 |   125 ||   225
       Rpst.: Falchion   |    29 |    46 ||    75
